 Dungeon Crawl Stone Soup version 0.26-b1-32-g5d43845318 (webtiles) character file.

Game seed: 77762561459883146

2471 Borgoz the Skirmisher (level 9, -12/79 HPs)
             Began as a Ghoul Gladiator on Jan 13, 2021.
             Was a Believer of Okawaru.
             Mangled by a komodo dragon (29 damage)
             ... on level 8 of the Dungeon.
             The game lasted 00:11:50 (8389 turns).

Borgoz the Skirmisher (Ghoul Gladiator)             Turns: 8389, Time: 00:11:51

Health: -12/79     AC: 10    Str: 19    XL:     9   Next: 51%
Magic:  10/10      EV: 17    Int:  3    God:    Okawaru [**....]
Gold:   90         SH:  8    Dex: 12    Spells: 8/8 levels left

rFire    + . .     SeeInvis +   C - +0 morningstar
rCold    + + .     Faith    .   q - +0 buckler
rNeg     + + +     Spirit   .   D - +0 acid dragon scales
rPois    ∞         Reflect  +   c - +0 helmet
rElec    .         Harm     .   g - scarf {rC+ rF+}
rCorr    +         Rampage  .   A - +1 pair of gloves
Will     .....                  (no boots)
Stlth    +.........             z - amulet of reflection
HPRegen  0.00/turn              h - +4 ring of evasion
MPRegen  0.12/turn              t - ring of see invisible

@: no status effects
A: claws 1, cold resistance 1, negative energy resistance 3, inhibited
regeneration, torment resistance, unbreathing
a: Renounce Religion, Heroism


You were on level 8 of the Dungeon.
You worshipped Okawaru.
Okawaru was pleased with you.
You visited 2 branches of the dungeon, and saw 9 of its levels.

You collected 450 gold pieces.
You spent 360 gold pieces at shops.

Inventory:

Hand Weapons
 C - a +0 morningstar (weapon)
Missiles
 d - 4 throwing nets (quivered)
Armour
 c - a +0 helmet (worn)
 g - a scarf of resistance (worn)
 q - a +0 buckler (worn)
 y - a +1 ring mail of fire resistance
 A - a +1 pair of gloves (worn)
 D - +0 acid dragon scales (worn)
Jewellery
 h - a +4 ring of evasion (left hand)
 t - a ring of see invisible (right hand)
 z - an amulet of reflection (around neck)
Wands
 b - a wand of paralysis (6)
 p - a wand of acid (9)
 r - a wand of flame (27)
 s - a wand of iceblast (6)
Scrolls
 f - 3 scrolls of teleportation
 j - a scroll of enchant armour
 l - 3 scrolls of magic mapping
 u - a scroll of noise {unknown}
 x - a scroll of fear
 B - a scroll of remove curse
Potions
 a - a potion of might {unknown}
 e - 3 potions of haste
 i - a potion of flight
 k - 4 potions of heal wounds
 m - 5 potions of curing
 n - a potion of ambrosia
 o - 2 potions of brilliance
 v - a potion of invisibility


   Skills:
 * Level 7.0 Fighting
 * Level 6.1 Maces & Flails
 - Level 1.7 Throwing
 * Level 5.3 Armour
 * Level 6.2 Dodging
 + Level 3.0 Invocations


You had 8 spell levels left.
You didn't know any spells.
Your spell library contained the following spells:

 Spells                   Type           Power        Failure   Level
 Animate Skeleton         Necr           0%           78%         1
 Pain                     Necr           0%           78%         1
 Confusing Touch          Hex            0%           98%         3
 Gell's Gravitas          Tloc           0%           98%         3
 Vampiric Draining        Necr           0%           98%         3
 Animate Dead             Necr           0%           100%        4
 Petrify                  Tmut/Erth      0%           100%        4
 Agony                    Necr           0%           100%        5
 Metabolic Englaciation   Hex/Ice        0%           100%        5
 Yara's Violent Unravell  Hex/Tmut       0%           100%        5


Dungeon Overview and Level Annotations

Branches:
Dungeon (8/15)             Temple (1/1) D:5
   Lair: D:8-11

Altars:
Ashenzari
Cheibriados
Dithmenos
Elyvilon
Fedhas
Gozag
Hepliaklqana
Kikubaaqudgha
Makhleb
Nemelex Xobeh
Okawaru
Qazlal
Ru
Sif Muna
Trog
Uskayaw
Vehumet
Xom
Yredelemnul
Zin
The Shining One

Shops:
D:6 **?[*

Annotations:
D:6 Menkaure


Innate Abilities, Weirdness & Mutations

You thrive by killing the living.
You are immune to poison.
You have sharp fingernails.
Your flesh is cold resistant. (rC+)
You are immune to negative energy. (rN+++)
You do not regenerate when monsters are visible.
You are immune to unholy pain and torment.
You can survive without breathing.


Message History

You barely miss the komodo dragon.
The komodo dragon is heavily wounded.
The komodo dragon completely misses you.
You barely miss the komodo dragon.
The komodo dragon is heavily wounded.
The komodo dragon closely misses you.
You closely miss the komodo dragon.
The komodo dragon is heavily wounded.
The komodo dragon bites you!!
* * * LOW HITPOINT WARNING * * *
You puncture the komodo dragon!
The komodo dragon is severely wounded.
The komodo dragon bites you.
* * * LOW HITPOINT WARNING * * *
You puncture the komodo dragon!
The komodo dragon is almost dead.
The komodo dragon closely misses you.
The orc priest begins to cast a cantrip, but forgets the words!
The komodo dragon bites you!!
You die... .......PP # ........P #..#.##..PP.... #..........P... #.# #........ #.# #Bo..PP.. #.# #hY..Ph.P #######.# #l#lPP.P.

##.......#####@#....BP
#......<.......###..P.
.........>..#.## ##..
#.....#######.### ##
##.#.. #..?# # #.
#)..##### #. #........
# #...####. ##.##


You could see a komodo dragon, a black bear, a sky beast (invisible), an orc
priest and a giant cockroach.

Vanquished Creatures
  Maggie (D:7)
  A yak (D:8)
  A water moccasin (D:8)
  An ice beast (D:5)
  A phantom (D:7)
  4 ogres
  3 bullfrogs
  2 scorpions (D:7)
  5 wights (D:6)
  A howler monkey (D:4)
  3 bullfrog zombies (D:5)
  4 hounds
  2 centaur skeletons
  An orc priest (D:3)
  An iguana (D:7)
  2 orc wizards (D:4)
  5 worker ants
  2 hound zombies (D:6)
  2 worker ant zombies (D:5)
  A howler monkey zombie (D:5)
  8 gnolls
  10 adders
  4 white imps
  4 adder zombies
  An adder skeleton (D:4)
  3 worms
  A dart slug (D:1)
  5 leopard geckos
  19 orcs
  12 bats
  3 giant cockroaches
  8 goblins
  5 hobgoblins
  7 jackals
  7 kobolds
  5 quokkas
  5 frilled lizards
  A jackal skeleton (D:4)
  A jackal zombie (D:5)
  A leopard gecko skeleton (D:5)
  A quokka skeleton (D:7)
  2 quokka zombies (D:5)
  5 rats
161 creatures vanquished.

Vanquished Creatures (others)
  29 fungi (D:8)
  34 plants
63 creatures vanquished.

Grand Total: 224 creatures vanquished

Notes
Turn   | Place    | Note
-------+----------+-------------------------------------------
     0 | D:1      | Borgoz the Ghoul Gladiator began the quest for the Orb.
     0 | D:1      | Reached XP level 1. HP: 17/17 MP: 0/0
   168 | D:1      | Reached XP level 2. HP: 25/25 MP: 1/1
   812 | D:2      | Reached XP level 3. HP: 30/30 MP: 2/2
   827 | D:2      | Reached skill level 1 in Armour
   886 | D:2      | Found a faded altar of an unknown god.
   978 | D:2      | Reached skill level 3 in Fighting
   978 | D:2      | Reached XP level 4. HP: 24/38 MP: 3/3
  1932 | D:3      | Reached XP level 5. HP: 45/45 MP: 4/4
  3094 | D:4      | Reached XP level 6. HP: 41/52 MP: 5/5
  3167 | D:4      | Reached skill level 4 in Fighting
  3605 | D:4      | Found a bloodstained altar of Trog.
  3627 | D:4      | Reached XP level 7. HP: 46/59 MP: 6/6
  3839 | D:5      | Entered Level 5 of the Dungeon
  3839 | D:5      | Found a radiant altar of Vehumet.
  3960 | D:5      | Found a shimmering altar of Xom.
  4352 | D:5      | Found a basalt altar of Yredelemnul.
  4551 | D:5      | Found a hide-covered altar of Uskayaw.
  5045 | D:5      | Found a staircase to the Ecumenical Temple.
  5060 | D:5      | Reached skill level 5 in Fighting
  5079 | Temple   | Entered the Ecumenical Temple
  5279 | Temple   | Became a worshipper of Warmaster Okawaru
  5373 | D:5      | Reached XP level 8. HP: 28/68 MP: 7/7
  5598 | D:6      | Found a white marble altar of Elyvilon.
  5700 | D:6      | Reached skill level 5 in Dodging
  5707 | D:6      | Found Niophump's Magic Scroll Boutique.
  5718 | D:6      | Found Taxygg's General Store.
  5730 | D:6      | Bought a scroll of identify for 26 gold pieces
  5773 | D:6      | Found Zaafroamm's Assorted Antiques.
  5780 | D:6      | Bought an orange potion for 21 gold pieces
  5780 | D:6      | Bought a tiny copper amulet for 120 gold pieces
  5780 | D:6      | Bought a scroll of identify for 48 gold pieces
  5780 | D:6      | Bought a scroll of identify for 48 gold pieces
  5780 | D:6      | Bought a scroll of identify for 48 gold pieces
  5871 | D:6      | Found a shimmering altar of Xom.
  5901 | D:6      | Reached skill level 5 in Maces & Flails
  5901 | D:6      | Reached skill level 1 in Invocations
  5977 | D:6      | Found Omnem's Antique Armour Emporium.
  6053 | D:6      | Found Uvey's Assorted Antiques.
  6058 | D:6      | Bought a scroll labelled KAITUT XOCZAA for 26 gold pieces
  6058 | D:6      | Bought a white potion for 23 gold pieces
  6203 | D:6      | Noticed Menkaure
  7242 | D:7      | Noticed Maggie
  7267 | D:7      | Killed Maggie
  7267 | D:7      | Reached * piety under Okawaru
  7268 | D:7      | Reached skill level 6 in Fighting
  7541 | D:7      | Reached XP level 9. HP: 76/77 MP: 9/9
  7713 | D:7      | Found a shadowy altar of Dithmenos.
  7974 | D:7      | Reached skill level 5 in Armour
  8309 | D:8      | Noticed a komodo dragon
  8322 | D:8      | Reached ** piety under Okawaru
  8358 | D:8      | Reached skill level 7 in Fighting
  8389 | D:8      | Mangled by a komodo dragon

Illustrated notes

Levels and vault maps discovered:
D:1:      saegor_arrival_simple_a, layout_loops_ring
D:2:      minmay_alternating_diamond, layout_basic,
          chequers_ecumenical_altar_simple_redux, chequers_garden,
          chequers_serial_rivers_small_b
D:3:      layout_basic, lemuel_old_faithful
D:4:      layout_basic, hangedman_decor_riveting, bloody_trog
D:5:      layout_rooms, marbit_many_paths, vehumet_altar_wand_db,
          minmay_temple_entry_poolview, serial_undead, serial_undead_d,
          serial_undead_c, serial_undead_e, serial_undead_f, serial_undead_e,
          basic_altar, yredelemnul_altar_generic
D:6:      layout_basic, elyvilon_altar_5, xom_butterflies, serial_shops,
          nicolae_shop_competitors_out_of_business, kennysheep_little_box, shop,
          nicolae_shop_overgrown_old_shop, shop, uniq_menkaure
D:7:      layout_basic, grunt_dithmenos_shadows, uniq_maggie
D:8:      wander_guarded_unrand_ratskin, layout_loops_ring,
          kennysheep_mini_moat, due_lair_maze_entry_diamond, serial_shops,
          nicolae_shop_stone
Temple:   lightli_temple_of_artemis

Skill      XL: |  1  2  3  4  5  6  7  8  9 |
---------------+----------------------------+-----
Maces & Flails | 3 4 5 6 |  6.1
Dodging        | 3 4 5 6 |  6.2
Armour         | 1 2 3 4 5 |  5.3
Fighting       | 3 4 5 6 7 |  7.0
Invocations    | 2 3 |  3.0
Throwing       | |  1.7

Action                   |  1- 3 |  4- 6 |  7- 9 || total
-------------------------+-------+-------+-------++-------
Melee: Flail             |    83 |   307 |   299 ||   689
       Morningstar       |       |       |   135 ||   135
Throw: Throwing net      |       |       |     1 ||     1
  Use: Scroll            |       |    10 |    10 ||    20
       Potion            |       |       |     3 ||     3
 Stab: Sleeping          |     1 |       |       ||     1
Armor: Leather armour    |    32 |    78 |    13 ||   123
       Ring mail         |       |       |    52 ||    52
       Acid dragon scale |       |       |    18 ||    18
Dodge: Dodged            |    59 |   302 |   357 ||   718
Block: Buckler           |       |    39 |   124 ||   163
       Reflection        |       |       |     1 ||     1
